AoeStats
← lopezdpr

Arabia

504641161Analyzed
2v2 RM · 28d ago on Sep 6, 2026· 43m 20s· 4 players
Game mode
Random Map
Map size
Medium (4 player)
Population
200
Speed
Normal
Resources
Standard
Victory
Conquest
Starting age
Dark Age
Ending age
Imperial Age
RankedLock teamsTeams togetherTeam positionsShared explorationLock speedFull tech treeHidden civsTurbo modeCheats
Victory
Defeat
🇺🇸 Bulgarians · United States
805
+13
🇺🇸 Britons · United States
739
+16
🇲🇽 Burgundians · Mexico
746
-15
🇨🇦 Armenians · Canada
734
-14
Raphael
0:48 Loom
12:59 Feudal Age
13:28 Double-Bit Axe
13:44 Horse Collar
16:19 Heavy Plow
19:03 Forging
20:24 Gold Mining
22:16 Stone Mining
25:23 Castle Age
25:29 Cavalier
26:25 Scale Barding Armor
27:37 Bow Saw
32:15 Wheelbarrow
35:04 Husbandry
36:43 Iron Casting
Oatmeal_de_Greatest
1:59 Loom
12:56 Feudal Age
19:15 Man-at-Arms
23:02 Long Swordsman
23:31 Horse Collar
41:08 Pikeman
The Herminator
2:27 Loom
12:38 Feudal Age
13:37 Horse Collar
13:44 Double-Bit Axe
13:53 Gold Mining
16:56 Wheelbarrow
21:56 Castle Age
20:53 Stone Mining
22:40 Caravan
23:00 Hand Cart
22:59 Bow Saw
22:53 Heavy Plow
23:03 Town Watch
27:31 Fletching
27:42 Padded Archer Armor
30:17 Bodkin Arrow
31:55 Leather Archer Armor
31:51 Forging
31:42 Scale Mail Armor
31:06 Pikeman
31:32 Gambesons
31:48 Squires
35:34 Ballistics
39:23 Imperial Age
40:27 Conscription
39:33 Elite Longbowman
41:11 Bracer
lopezdpr
7:41 Loom
10:18 Feudal Age
10:52 Double-Bit Axe
11:47 Town Watch
21:21 Castle Age
20:28 Wheelbarrow
23:29 Horse Collar
23:41 Stone Mining
23:42 Gold Mining
24:15 Gambesons
27:03 Arson
27:30 Forging
27:21 Scale Mail Armor
31:30 Chain Mail Armor
37:37 Scale Barding Armor
38:07 Iron Casting
40:30 Imperial Age
39:20 Chain Barding Armor
40:53 Hand Cart
40:39 Town Patrol
41:26 Bow Saw
41:48 Plate Mail Armor
41:44 Capped Ram
42:37 Squires
Connection lost

Rejoining the realm…

Still unreachable

The connection could not be restored.

Session expired

The server has moved on; the page needs a fresh start.